 Dungeon Sprint DCSS version 0.21-a0-260-g9b2435e (webtiles) character file.

10804 Kidiri the Eclecticist (level 11, -8/103 HPs)
             Began as a Deep Elf Fire Elementalist on Sept 7, 2017.
             Was the Champion of Vehumet.
             Mangled by a lorocyproca (10 damage)
             ... in the Dungeon (Sprint I: "Red Sonja").
             The game lasted 00:17:03 (4146 turns).

Kidiri the Eclecticist (Deep Elf Fire Elementalist) Turns: 4146, Time: 00:17:04

Health: -8/103     AC: 25    Str:  5    XL:     11   Next: 41%
Magic:  0/34       EV:  2    Int: 24    God:    Vehumet [******]
Gold:   10         SH: 10    Dex: 18    Spells: 8/45 levels left

rFire    . . .     SeeInvis .   m - +1 dagger (freeze)
rCold    . . .     Gourm    .   u - +1 buckler
rNeg     + + +     Faith    .   (armour currently unavailable)
rPois    +         Spirit   .   (helmet currently unavailable)
rElec    .         Reflect  +   (cloak currently unavailable)
rCorr    .         Harm     .   (gloves currently unavailable)
MR       +....     NoTele   +   (boots currently unavailable)
Stlth    ++........             v - +4 amulet of reflection
HPRegen  0.27/turn              t - +3 ring of dexterity
MPRegen  0.24/turn              (no ring)

@: tree-form
A: no striking features
a: Renounce Religion


You were in the Dungeon.
You worshipped Vehumet.
Vehumet was exalted by your worship.
You were full.
You were a tree.
You visited 1 branch You collected 1884 gold pieces.
You spent 1874 gold pieces at shops.

Inventory:

Hand Weapons
 m - a +1 dagger of freezing (weapon)
Armour
 e - a +2 helmet of intelligence (melded)
 n - a +1 leather armour (melded)
 r - a +1 pair of gloves (melded)
 s - a +0 pair of boots of stealth (melded)
 u - a +1 buckler (worn)
Jewellery
 a - an uncursed amulet of the gourmand
 t - a +3 ring of dexterity (left branch)
 v - a +4 amulet of reflection (around neck)
Wands
 j - a wand of digging (8/24)
 q - a wand of scattershot (0/9)
Scrolls
 c - 2 scrolls of amnesia
 i - a scroll of remove curse
 l - a scroll of blinking
Potions
 d - 4 potions of curing
 k - a potion of brilliance


   Skills:
 + Level 8.5 Fighting
 - Level 8.5 Short Blades
 + Level 8.6 Armour
 - Level 10.7 Dodging
 - Level 2.4 Stealth
 + Level 3.5 Shields
 * Level 17.6 Spellcasting
 + Level 11.2 Conjurations
 + Level 11.5 Fire Magic
 + Level 1.9 Ice Magic
 + Level 4.1 Air Magic
 + Level 2.1 Earth Magic
 + Level 5.7 Poison Magic


You had 8 spell levels left.
You knew the following spells:

 Your Spells              Type           Power        Failure   Level  Hunger
a - Flame Tongue          Conj/Fire      #####        0%          1    None
b - Throw Flame           Conj/Fire      ######       1%          2    None
c - Conjure Flame         Conj/Fire      ######..     1%          3    None
d - Inner Flame           Hex/Fire       #####...     1%          3    None
e - Sticky Flame          Conj/Fire      ######..     1%          4    None
f - Fireball              Conj/Fire      ######....   1%          5    None
g - Bolt of Magma         Conj/Fire/Erth ######....   1%          5    None
h - Freezing Cloud        Conj/Ice/Air   #####.....   10%         6    ####...
i - Airstrike             Air            #####.....   1%          4    None
j - Olgreb's Toxic Radia  Pois           #####...     1%          4    None


Dungeon Overview and Level Annotations

Branches:
Dungeon (1/1)

Altars:
Cheibriados
Dithmenos
Elyvilon
Fedhas
Gozag
Hepliaklqana
Kikubaaqudgha
Makhleb
Nemelex Xobeh
Okawaru
Qazlal
Ru
Sif Muna
Trog
Uskayaw
Vehumet
Wu Jian
Xom
Yredelemnul
Zin
The Shining One
Jiyva
Lugonu

Shops:
D *(!(=?**=[[(?}([(

Annotations:
D exclusion: door


Message History

Aiming: Airstrike
Press: ? - help, Dir - move target cursor, f/p - lorocyproca
Aim: a lorocyproca (moderately wounded, slightly transparent, covered in liquid flames)
The air twists around and strikes the lorocyproca!
The lorocyproca is heavily wounded.
The lorocyproca burns!
Something hits you!
You turn into a tree.
Your +2 helmet of intelligence melds into your body.
Your +1 pair of gloves melds into your body.
Your +0 pair of boots of stealth melds into your body.
Your +1 leather armour melds into your body.
You feel stupid.
You feel less stealthy.
Your roots penetrate the ground.
Something hits you!!
* * * LOW HITPOINT WARNING * * *
You hit something but do no damage. You hit something but do no damage.
Something hits you!!
* * * LOW HITPOINT WARNING * * *
You feel your power leaking away.
You hit something but do no damage. Something hits you!
You die...

################################*
#__#..'...#.[#..§§+.§§§§§+..#^.',
'..'..#...##+#§#§##..§§§##..+^^#,
#__####[..'..#§§♣###§.§#######'#,
####§§#####§.§§#{#$###+#,,,**..#,
#§≈§.§#§.##+####^.$#y#,**,,,#..#*
+§§§.)+§.#..§,,#..$###,,***,#..≈*
#≈≈≈..#§.#...§,+..$$$#*,*,*,#.m≈,
##+#####+###§)§#^....#,,***,#..4e
#(...###.+.#..§###++##,**,,,#..≈#
##+###.###.#§§##*,,***,,*+***,,≈*
.....+.∩##.#..#***,,***,,,*,≈,,**


There were no monsters in sight!

Vanquished Creatures
  A hydra (D)
  2 centaur warriors (D)
  Sonja (D)
  2 unseen horrors (D)
  A deep troll (D)
  A lindwurm (D)
  An oklob plant (D)
  A gargoyle (D)
  2 kobold demonologists (D)
  4 demonic crawlers (D)
  A hornet (D)
  A slime creature (D)
  2 redbacks (D)
  Sigmund (D)
  A yak (D)
  13 hogs (D)
  3 floating eyes (D)
  7 necrophages (D)
  An ogre (D)
  8 jellies (D)
  Ijyb (D)
  4 ballistomycetes (D)
  A ballistomycete spore (D)
60 creatures vanquished.

Vanquished Creatures (others)
  the Lernaean hydra (D)
  A deep elf master archer (D)
  A merfolk siren (D)
  A gargoyle (D)
  A hellwing (D)
  4 hornets (D)
  A ballistomycete spore (D)
10 creatures vanquished.

Grand Total: 70 creatures vanquished

Notes
Turn   | Place    | Note
-------+----------+-------------------------------------------
     0 | D        | Kidiri the Deep Elf Fire Elementalist began the quest for the Orb.
     0 | D        | Reached XP level 1. HP: 10/10 MP: 6/6
     2 | D        | Noticed Ijyb
    12 | D        | Killed Ijyb
    12 | D        | Reached skill level 1 in Fighting
    12 | D        | Reached skill level 1 in Armour
    12 | D        | Reached skill level 4 in Spellcasting
    12 | D        | Reached XP level 2. HP: 11/16 MP: 3/9
    24 | D        | Learned a level 2 spell: Throw Flame
    99 | D        | Noticed an ogre
   104 | D        | Killed an ogre
   104 | D        | Reached skill level 6 in Spellcasting
   104 | D        | Reached XP level 3. HP: 22/22 MP: 5/13
   104 | D        | Reached XP level 4. HP: 27/27 MP: 5/14
   109 | D        | Learned a level 3 spell: Conjure Flame
   113 | D        | Learned a level 3 spell: Inner Flame
   118 | D        | Learned a level 4 spell: Sticky Flame
   167 | D        | Noticed Sigmund
   170 | D        | Killed Sigmund
   170 | D        | Reached skill level 5 in Dodging
   170 | D        | Reached skill level 8 in Spellcasting
   170 | D        | Reached skill level 5 in Fire Magic
   170 | D        | Reached XP level 5. HP: 32/32 MP: 11/18
   184 | D        | Found an ornate altar of the Wu Jian Council.
   184 | D        | Found a deep blue altar of Sif Muna.
   186 | D        | Found a radiant altar of Vehumet.
   188 | D        | Reached skill level 9 in Spellcasting
   188 | D        | Reached skill level 5 in Conjurations
   188 | D        | Reached XP level 6. HP: 37/37 MP: 12/20
   195 | D        | Learned a level 5 spell: Fireball
   226 | D        | Became a worshipper of Vehumet
   245 | D        | Found Gusibod's Weapon Emporium.
   245 | D        | Found an ancient bone altar of Kikubaaqudgha.
   245 | D        | Found a hazy altar of Hepliaklqana.
   245 | D        | Found a stormy altar of Qazlal.
   245 | D        | Found a hide-covered altar of Uskayaw.
   245 | D        | Found a blossoming altar of Fedhas.
   245 | D        | Found a bloodstained altar of Trog.
   245 | D        | Found an iron altar of Okawaru.
   245 | D        | Found a basalt altar of Yredelemnul.
   245 | D        | Found a glowing golden altar of the Shining One.
   245 | D        | Found a snail-covered altar of Cheibriados.
   245 | D        | Found a sacrificial altar of Ru.
   245 | D        | Found a glowing silver altar of Zin.
   245 | D        | Found a shadowy altar of Dithmenos.
   245 | D        | Found a white marble altar of Elyvilon.
   245 | D        | Noticed a yak
   249 | D        | Killed a yak
   249 | D        | Reached skill level 10 in Spellcasting
   299 | D        | Found an opulent altar of Gozag.
   302 | D        | Found a sparkling altar of Nemelex Xobeh.
   313 | D        | Noticed Sonja
   318 | D        | Killed Sonja
   318 | D        | Reached skill level 5 in Short Blades
   318 | D        | Reached skill level 5 in Armour
   318 | D        | Reached skill level 11 in Spellcasting
   318 | D        | Reached XP level 7. HP: 44/44 MP: 17/24
   318 | D        | Reached XP level 8. HP: 48/48 MP: 17/25
   338 | D        | Found Dim Vooclia's General Store.
   346 | D        | Bought a +0 pair of gloves for 58 gold pieces
   346 | D        | Bought a +0 pair of boots of stealth for 149 gold pieces
   346 | D        | Bought a +3 ring of dexterity for 204 gold pieces
   446 | D        | Noticed a deep troll
   453 | D        | Killed a deep troll
   453 | D        | Reached * piety under Vehumet
   453 | D        | Offered knowledge of Freeze by Vehumet.
   453 | D        | Reached skill level 5 in Fighting
   453 | D        | Reached skill level 12 in Spellcasting
   468 | D        | Found Efepp's Armour Emporium.
   684 | D        | Noticed a centaur warrior
   712 | D        | Noticed a centaur warrior
   715 | D        | Killed a centaur warrior
   715 | D        | Reached skill level 13 in Spellcasting
   715 | D        | Reached XP level 9. HP: 36/55 MP: 1/28
   851 | D        | Found a viscous altar of Jiyva.
   858 | D        | Killed a centaur warrior
   858 | D        | Reached skill level 14 in Spellcasting
   867 | D        | Offered knowledge of Shock by Vehumet.
   867 | D        | Reached ** piety under Vehumet
   871 | D        | Found a corrupted altar of Lugonu.
   874 | D        | Found a burning altar of Makhleb.
   874 | D        | Found a shimmering altar of Xom.
  1141 | D        | Reached skill level 10 in Dodging
  1219 | D        | Noticed an oklob plant
  1344 | D        | Offered knowledge of Searing Ray by Vehumet.
  1762 | D        | Killed an oklob plant
  1762 | D        | Reached *** piety under Vehumet
  1762 | D        | Reached XP level 10. HP: 40/61 MP: 15/30
  1885 | D        | Noticed an unseen horror
  1892 | D        | Killed an unseen horror
  1892 | D        | Offered knowledge of Olgreb's Toxic Radiance by Vehumet.
  1892 | D        | Reached skill level 15 in Spellcasting
  1892 | D        | Reached skill level 10 in Fire Magic
  1895 | D        | Noticed an unseen horror
  1898 | D        | Killed an unseen horror
  1904 | D        | Learned a level 4 spell: Olgreb's Toxic Radiance
  1999 | D        | Reached **** piety under Vehumet
  1999 | D        | Offered knowledge of Dazzling Spray by Vehumet.
  1999 | D        | Reached skill level 1 in Poison Magic
  2015 | D        | Reached ***** piety under Vehumet
  2015 | D        | Reached skill level 10 in Conjurations
  2022 | D        | Reached skill level 16 in Spellcasting
  2033 | D        | Paralysed by a floating eye for 3 turns
  2070 | D        | Found Zaizomiu's Weapon Shoppe.
  2071 | D        | Found Pumial's Distillery.
  2071 | D        | Found Gaxkiewa's Jewellery Boutique.
  2072 | D        | Found Tudyhan's Gadget Boutique.
  2072 | D        | Found Astinump's Antique Weapon Emporium.
  2074 | D        | Found Ruiliopp's Antique Weapon Emporium.
  2094 | D        | Found Panlurax's Magic Scroll Emporium.
  2094 | D        | Found Bopp's Assorted Antiques.
  2094 | D        | Found Yhour's Assorted Antiques.
  2094 | D        | Found Nore's Jewellery Boutique.
  2094 | D        | Found Dyutaps's Armour Emporium.
  2094 | D        | Found Jiweis's Armour Shop.
  2094 | D        | Found Azijiry's Antique Weapon Shoppe.
  2098 | D        | Found Onauj's Magic Scroll Boutique.
  2115 | D        | Bought a +2 helmet of intelligence for 301 gold pieces
  2127 | D        | Bought a +0 buckler for 63 gold pieces
  2137 | D        | Bought a +4 amulet of reflection for 270 gold pieces
  2139 | D        | Bought a metal-bound book for 405 gold pieces
  2423 | D        | Offered knowledge of Airstrike by Vehumet.
  2434 | D        | Learned a level 4 spell: Airstrike
  2483 | D        | Reached skill level 1 in Shields
  2520 | D        | Reached ****** piety under Vehumet
  2520 | D        | Reached skill level 1 in Air Magic
  2826 | D        | Killed a deep elf master archer
  3014 | D        | Killed a merfolk siren
  3180 | D        | Killed the 27-headed Lernaean hydra
  3226 | D        | Killed a gargoyle
  3391 | D        | Noticed a lindwurm
  3397 | D        | Killed a lindwurm
  3397 | D        | Reached XP level 11. HP: 54/68 MP: 28/33
  3470 | D        | Offered knowledge of Bolt of Magma by Vehumet.
  3478 | D        | Reached skill level 17 in Spellcasting
  3500 | D        | Reached skill level 5 in Poison Magic
  3524 | D        | Learned a level 5 spell: Bolt of Magma
  3652 | D        | Offered knowledge of Freezing Cloud by Vehumet.
  3666 | D        | Learned a level 6 spell: Freezing Cloud
  3668 | D        | Reached skill level 1 in Earth Magic
  3717 | D        | Noticed a 12-headed hydra
  3720 | D        | Killed a 12-headed hydra
  3720 | D        | Reached skill level 1 in Ice Magic
  3767 | D        | Noticed a deep elf annihilator
  3975 | D        | Bought a potion of curing for 39 gold pieces
  4053 | D        | Bought a scroll of enchant weapon for 75 gold pieces
  4053 | D        | Bought a scroll of enchant armour for 75 gold pieces
  4053 | D        | Bought a scroll of identify for 20 gold pieces
  4053 | D        | Bought a scroll of remove curse for 30 gold pieces
  4053 | D        | Bought a scroll of blinking for 75 gold pieces
  4053 | D        | Bought a scroll of magic mapping for 35 gold pieces
  4060 | D        | Bought a scroll of amnesia for 35 gold pieces
  4060 | D        | Bought a scroll of identify for 20 gold pieces
  4060 | D        | Bought a scroll of identify for 20 gold pieces
  4138 | D        | Noticed a lorocyproca
  4145 | D        | HP: 2/103 [something (28)]
  4146 | D        | Mangled by a lorocyproca

Vault maps used:
D:        dungeon_sprint_1

Skill      XL: |  1  2  3  4  5  6  7  8  9 10 11 |
---------------+----------------------------------+-----
Fighting       | 1 2 3 4 5 6 8 |  8.5
Armour         | 1 2 3 5 6 7 8 |  8.6
Dodging        | 3 4 5 7 9 10 | 10.7
Spellcasting   | 4 6 8 9 11 13 14 16 17 | 17.6
Conjurations   | 2 3 4 5 6 8 9 10 11 | 11.2
Fire Magic     | 4 5 7 8 9 11 | 11.5
Short Blades   | 2 3 5 6 8 |  8.5
Poison Magic   | 4 5 |  5.7
Shields        | 2 3 |  3.5
Air Magic      | 2 4 |  4.1
Earth Magic    | 2 |  2.1
Ice Magic      | 1 |  1.9
Stealth        | |  2.4

Action                   |  1- 3 |  4- 6 |  7- 9 | 10-12 || total
-------------------------+-------+-------+-------+-------++-------
Melee: Dagger            |       |     3 |     1 |    67 ||    71
 Cast: Flame Tongue      |    12 |     4 |    20 |    44 ||    80
       Sticky Flame      |       |     2 |     6 |    26 ||    34
       Conjure Flame     |       |     1 |     2 |     4 ||     7
       Fireball          |       |       |    13 |    23 ||    36
       Inner Flame       |       |       |     1 |     3 ||     4
       Airstrike         |       |       |       |     7 ||     7
       Olgreb's Toxic Ra |       |       |       |     4 ||     4
       Bolt of Magma     |       |       |       |     5 ||     5
Evoke: Wand              |       |       |       |     2 ||     2
  Use: Potion            |     1 |       |     1 |     5 ||     7
       Scroll            |       |       |       |    11 ||    11
 Stab: Sleeping          |       |     2 |       |     2 ||     4
  Eat: Royal jelly       |       |       |     1 |     1 ||     2
       Bread ration      |       |       |     1 |       ||     1
       Chunk             |       |       |       |     2 ||     2
       Meat ration       |       |       |       |     1 ||     1
Armor: Robe              |     1 |       |       |       ||     1
       Leather armour    |       |       |     5 |    38 ||    43
Dodge: Dodged            |     2 |     3 |    14 |   103 ||   122
Block: Buckler           |       |       |       |    54 ||    54

Table legend:
 A = Spawn XP
 B = Non-spawn XP
 C = Spawn XP percentage of total XP
 D = Spawn monster count
 E = Non-spawn monster count
 F = Spawn count percentage of total count
 G = Total turns spent on level
                    A         B        C        D         E        F      G
               +---------+---------+-------+---------+---------+-------+---------
         Total |       0 |   15435 |   0.0 |       0 |      55 |   0.0 |  4146
               +---------+---------+-------+---------+---------+-------+---------
             D |       0 |   15435 |   0.0 |       0 |      55 |   0.0 |  4146
               +---------+---------+-------+---------+---------+-------+---------
